Map: Scythe of Amon

Players

Sergey

  • Race: Zerg Zerg
  • Spawn Location: 5:00

NamroodTuo

  • Race: Zerg Zerg

VOD

Have the link to the VOD?

Description

Time

  • Played on: April 21, 2023, 1:31 p.m.
  • Length: 23:42
Show
View Real Time Build Order
Export as new Build Order

Sergey Zerg 

Build Orders:  

Get SALT Encoding   

  12  0:15  Overlord  
  12  0:18  Drone  
  13  0:25  Drone  
  14  0:55  Spawning Pool  
  14  0:57  Drone  
  14  1:00  Drone  
  14  1:07  Drone  
  16  1:13  Drone  
  17  1:25  Drone  
  17  1:28  Evolution Chamber  
  17  1:32  Drone  
  18  1:48  Queen  
  20  1:52  Drone  
  21  2:01  Extractor  
  21  2:03  Overlord  
  21  2:08  Extractor  
  19  2:27  Overlord  
  19  2:49  Drone x2  
  21  3:04  Heroic Fortitude  
  21  3:18  Drone x2  
  23  3:29  Drone x2  
  25  3:30  Drone x2  
  25  3:33  Lair  
  27  3:40  Drone  
  28  4:18  Drone x2  
  30  4:20  Drone x3  
  33  4:37  Unknown  
  33  5:10  Spire  
  33  5:18  Overlord x2  
  33  5:19  Spire, Overlord x2  
  31  6:48  Rapid Regeneration  
  31  7:28  Queen  
  33  8:07  Unknown  
  33  8:17  Unknown  
  33  8:18  Queen  
  35  8:24  Unknown  
  35  8:26  Zerg Flyer Armor Level 1, Zerg Flyer Weapons Level 1  
  35  8:30  Overlord x3  
  35  8:31  Overlord x3  
  35  8:46  Unknown  
  35  9:08  Queen  
  35  10:01  Hive  
  35  10:03  Drone x3  
  35  10:04  Drone x3  
  41  10:43  Drone  
  41  10:44  Drone x4  
  41  10:45  Drone  
  41  10:49  Overseer x3  
  47  11:04  Extractor  
  47  11:06  Extractor  
  47  11:08  Hatchery  
  43  11:11  Unknown  
  43  11:15  Unknown  
  43  11:23  Spore Crawler  
  42  11:39  Unknown  
  42  11:47  Drone  
  42  11:48  Unknown, Drone x4  
  42  11:49  Drone  
  47  11:55  Zerg Flyer Armor Level 2, Zerg Flyer Weapons Level 2  
  47  12:11  Drone x2  
  49  14:05  Mutalisk x3  
  49  14:06  Mutalisk x4  
  49  14:07  Mutalisk x2  
  49  14:08  Drone x2  
  49  14:09  Drone x4  
  86  14:10  Drone x2  
  75  14:38  Overseer  
  75  15:26  Zerg Flyer Armor Level 3, Zerg Flyer Weapons Level 3  
  63  16:14  Mutalisk x4  
  63  16:18  Zergling x4  
  63  16:19  Zergling x8  
  77  16:20  Zergling x10  
  77  16:21  Zergling x8  
  77  16:22  Zergling x4  
  88  16:37  Drone x2  
  88  16:38  Drone x4  
  94  16:56  Spine Crawler  
  94  16:58  Spine Crawler x2  
  91  17:00  Spine Crawler x2  
  91  17:03  Spine Crawler  
  91  17:06  Spine Crawler  
  91  17:08  Spine Crawler  
  86  17:32  Spore Crawler  
  86  17:33  Spore Crawler x2  
  67  18:07  Mutalisk  
  67  18:08  Mutalisk x4  
  67  18:09  Mutalisk x3  
  80  19:02  Mutalisk x3  
  80  19:03  Mutalisk  
  80  19:05  Mutalisk  
  90  19:18  Greater Spire  
  90  19:21  Drone x4  
  90  19:22  Drone x5  
  90  19:23  Drone  
  100  19:40  Unknown  
  100  19:43  Spine Crawler  
  91  19:50  Spine Crawler  
  91  19:57  Spine Crawler  
  91  19:58  Spore Crawler  
  84  20:00  Spine Crawler, Spore Crawler  
  84  20:05  Spore Crawler  
  84  20:06  Spore Crawler x2  
  84  20:07  Spine Crawler, Spore Crawler  
  84  20:09  Spine Crawler  
  76  20:13  Overlord  
  76  20:14  Overlord x5  
  76  20:15  Overlord x4  
  76  20:16  Overlord x2  
  76  20:59  Mutalisk  
  78  21:00  Mutalisk x4  
  78  21:01  Mutalisk x2  
  90  21:10  Overseer  
  90  21:14  Overseer  
  90  21:37  Mutalisk x2  
  94  21:40  Zergling x2  
  94  21:41  Zergling x10  
  94  21:42  Zergling x4  
  102  22:06  Unknown  
Show
View Real Time Build Order
Export as new Build Order

NamroodTuo Zerg 

Build Orders:  

Get SALT Encoding   

  12  0:23  Infested Barracks  
  12  0:25  Infested SCV  
  13  0:37  Infested SCV  
  13  0:39  Infested SCV  
  15  0:59  Overlord  
  15  1:03  Overlord  
  15  1:25  Infestation Level 1  
  15  1:31  Infested SCV  
  15  1:35  Infested SCV  
  17  1:43  Infested SCV  
  17  1:46  Infested SCV  
  19  1:58  Infested Refinery  
  19  2:00  Infested SCV  
  20  2:17  Infested SCV  
  21  2:23  Infested Engineering Bay  
  21  2:26  Infested SCV  
  22  2:43  Infested SCV  
  22  2:47  Infested Refinery  
  23  2:58  Overlord  
  23  3:16  Infested SCV  
  24  3:29  Infested SCV  
  25  4:17  Infestation Level 2  
  25  4:20  Stukov Infantry Weapons Level 1  
  25  4:24  Infested Barracks Tech Lab  
  25  4:55  Infested SCV  
  26  5:07  Infested SCV  
  26  5:08  Overlord  
  26  5:09  Infested SCV  
  28  5:10  Infested SCV  
  33  5:53  Infested Bunker  
  33  5:59  Infested Bunker  
  37  6:17  Anaerobic Enhancement  
  37  6:22  Retinal Augmentation  
  37  6:52  Infested Factory  
  37  7:00  Stukov Infantry Armor Level 1  
  41  7:10  Infested Bunker  
  41  7:17  Broodling Gestation  
  41  7:41  Plagued Munitions  
  41  8:06  Infested Marine  
  41  8:07  Infested Marine x5  
  47  8:18  Overlord x3  
  47  8:58  Infested Bunker  
  51  9:21  Unknown  
  51  9:22  Infested Armory  
  51  9:33  Infested Marine x6  
  51  9:34  Infested Marine x9  
  66  9:40  Regenerative Plating  
  66  9:46  Infested Missile Turret  
  66  9:54  Infested SCV  
  66  9:55  Infested SCV  
  66  9:56  Overlord x3  
  66  9:59  Overseer x4  
  62  10:00  Overseer  
  62  10:40  Stukov Infantry Weapons Level 2  
  47  11:13  Infested Command Center  
  47  11:39  Infested Bunker  
  47  11:43  Infested Bunker  
  47  11:48  Infested Marine  
  47  11:49  Infested Marine x10  
  58  11:58  Infested Bunker  
  66  12:34  Infested Marine  
  66  12:35  Infested Marine x15  
  66  12:36  Infested Marine x2  
  84  12:49  Infested Bunker  
  80  13:01  Infested Marine x3  
  80  13:02  Infested Marine x2  
  85  13:12  Infested Barracks  
  85  13:13  Infested SCV  
  85  13:14  Infested SCV x3  
  85  13:16  Aggressive Incubation  
  73  13:50  Stukov Infantry Armor Level 2  
  64  14:48  Infestation Level 3  
  64  14:55  Infested Factory Tech Lab  
  55  15:31  Overseer  
  55  15:32  Overseer x2  
  55  15:34  Overlord  
  55  15:35  Overlord x4  
  55  16:08  Infested SCV x3  
  55  16:09  Infested SCV x2  
  60  16:15  Infested Refinery  
  64  16:29  Infested Bunker  
  64  16:37  Infested Bunker  
  68  16:44  Infested Marine  
  68  16:45  Infested Marine x20  
  68  16:46  Infested Marine x4  
  92  17:00  Stukov Infantry Weapons Level 3  
  89  17:26  Infested Marine  
  89  17:27  Infested Marine x16  
  89  17:28  Infested Marine x3  
  109  17:45  Infested Marine  
  109  17:46  Infested Marine x5  
  109  17:47  Infested Marine x10  
  125  17:56  Saturated Cultures  
  125  17:59  Infested Diamondback x3  
  130  18:11  Infested SCV  
  130  18:12  Infested SCV x3  
  130  18:13  Infested SCV  
  132  18:20  Overlord x2  
  132  18:21  Overlord  
  95  18:56  Caustic Mucus  
  90  19:13  Infested Marine  
  90  19:14  Infested Marine x8  
  90  19:15  Infested Marine x21  
  90  19:16  Infested Marine x5  
  116  19:44  Infested Bunker  
  91  20:17  Infested Diamondback x4  
  101  20:21  Overlord x2  
  101  20:25  Overseer x2  
  101  20:26  Overseer  
  101  20:34  Infested Bunker  
  101  20:40  Calcified Armor  
  98  21:15  Infested Diamondback x3  
  107  21:23  Infested Marine x7  
  107  21:24  Infested Marine x13  
  131  21:50  Infested Bunker  
  105  22:46  Infested Marine  
  105  22:47  Infested Marine x12  
  105  22:48  Infested Marine x13  
  105  22:49  Infested Marine x11  
Tags
 
Matchup
Co-op
Replay Pack
Multiplayer
Add a new tag
Caveats
  • Supply blocks, unpowered buildings, or Contaminate may cause inaccurate times.
  • Supply counts are checked every 10 seconds.